 Dungeon Crawl Stone Soup version 0.31-a0-187-gba352fbbf7 (webtiles) character file.

Game seed: 7005907249673605342

1393 Moral the Chopper (level 8, -2/73 HPs)
             Began as a Hill Orc Fighter on June 22, 2023.
             Killed from afar by a steam dragon (11 damage)
             ... with a ball of steam
             ... on level 7 of the Dungeon.
             The game lasted 00:14:17 (5299 turns).

Moral the Chopper (Hill Orc Fighter)                Turns: 5299, Time: 00:14:17

Health: -2/73      AC: 15    Str: 21    XL:     8   Next: 68%
Magic:  8/8        EV:  6    Int:  8    God:
Gold:   431        SH: 10    Dex: 10    Spells: 7/7 levels left

rFire   . . .        a - +0 war axe
rCold   . . .        c - +0 buckler
rNeg    . . .        m - +0 plate armour
rPois   .            (no helmet)
rElec   .            (no cloak)
rCorr   +            j - +0 pair of gloves
SInv    .            w - +0 pair of boots
Will    .....        p - amulet of reflection Stlth
                     l - ring of resist corrosion
HPRegen 0.32/turn    (no ring)
MPRegen 0.11/turn

%: reflection
@: no status effects
A: no striking features
a: no special abilities


You were on level 7 of the Dungeon.
You visited 1 branch of the dungeon, and saw 7 of its levels.

You collected 431 gold pieces.

Inventory:

Hand Weapons
 a - a +0 war axe (weapon)
Armour
 c - a +0 buckler (worn)
 j - a +0 pair of gloves (worn)
 m - a +0 plate armour (worn)
 w - a +0 pair of boots (worn)
Jewellery
 d - a +6 ring of intelligence
 l - a ring of resist corrosion (left hand)
 p - an amulet of reflection (around neck)
Wands
 r - a wand of polymorph (9)
 z - a wand of flame (7)
Scrolls
 b - a scroll of vulnerability {unknown}
 e - 8 scrolls of identify {unknown}
 h - 2 scrolls of fear {unknown}
 i - a scroll of poison {unknown}
 o - a scroll of silence {unknown}
 t - a scroll of blinking {unknown}
 x - a scroll of enchant armour {unknown}
 y - a scroll of immolation {unknown}
 B - a scroll of amnesia {unknown}
 C - a scroll of torment {unknown}
Potions
 f - a potion of lignification {unknown}
 g - a potion of mutation {unknown}
 k - 3 potions of enlightenment {unknown}
 q - 3 potions of degeneration {unknown}
 s - a potion of resistance {unknown}
 u - 3 potions of curing {unknown}
 A - a potion of cancellation {unknown}


   Skills:
 + Level 7.1 Fighting
 + Level 7.2 Axes
 + Level 6.5 Armour
 + Level 6.6 Shields


You had 7 spell levels left.
You didn't know any spells.
Your spell library contained the following spells:

 Spells                   Type           Power      Damage    Failure   Level
 Beastly Appendage        Tmut           0%         N/A       100%        1
 Blink                    Tloc           0%         N/A       100%        2
 Lesser Beckoning         Tloc           0%         N/A       100%        2
 Momentum Strike          Conj/Tloc      0%         3d8       100%        2
 Poisonous Vapours        Pois/Air       0%         N/A       100%        2
 Wereblood                Tmut           0%         N/A       100%        2
 Frozen Ramparts          Ice            0%         1d1       100%        3
 Mephitic Cloud           Conj/Pois/Air  0%         N/A       100%        3
 Spider Form              Tmut/Pois      0%         N/A       100%        3
 Ice Form                 Ice/Tmut       0%         N/A       100%        4
 Summon Ice Beast         Ice/Summ       0%         N/A       100%        4
 Freezing Cloud           Conj/Ice/Air   0%         6-21      100%        5


Dungeon Overview and Level Annotations

Branches:
Dungeon (7/15)
 Temple: D:4-7

Altars:
Cheibriados
Trog
Vehumet
Xom
The Shining One


Message History

You hit the steam dragon.
The steam dragon is severely wounded.
Your surroundings seem slightly different.
The centaur shoots an arrow.
The arrow closely misses you. You block the steam dragon's attack.
The steam dragon claws you but does no damage.
The centaur shoots an arrow.
You block the arrow with an invisible shield... and reflect it back!
The arrow hits the centaur.
As you read the scroll labelled LUWIPTUQORCH, it crumbles to dust.
You hear the flapping of tiny wings.
The steam dragon is knocked back by the sudden gust.
It was a scroll of butterflies.
The steam dragon bites your butterfly.
Your butterfly dies!
Your butterfly disappears in a burst of colours!
The centaur unwields a +0 shortbow.
The centaur hits your butterfly.
Your butterfly dies!
Your butterfly disappears in a burst of colours!
You swap places.
The steam dragon barely misses your butterfly. x2
You swap places.
Something misses your butterfly. The steam dragon breathes steam at you.
The ball of steam hits your butterfly!!
Your butterfly dies!
Your butterfly disappears in a burst of colours!
The ball of steam misses your butterfly.
The ball of steam hits you!
* * * LOW HITPOINT WARNING * * *
Your butterfly is engulfed in a cloud of scalding steam.
Your butterfly dies!
Your butterfly disappears in a burst of colours!
Your butterfly is engulfed in a cloud of scalding steam.
Your butterfly dies!
Your butterfly disappears in a burst of colours!
Okay, then.
The centaur wields a +0 shortbow.
The centaur shoots an arrow.
The arrow hits you but does no damage. The steam dragon breathes steam at you.
The ball of steam hits you!
You die...

.# #######.#
......#.################
......#.................
......#.................
......#.................
......#..c..............
........................
......#...D...§§@.......
...####.############....
.######§##...... .
......b...bb....
....bb.bbb......
......Db.bbb.b..
.......bbbb..b..
...b######.b.... .......
.b....


You could see a centaur.

Vanquished Creatures
  A shadow (D:7)
  A sky beast (D:7)
  A black bear (D:5)
  2 phantoms
  3 kobold brigands (D:6)
  2 bullfrogs
  A howler monkey (D:5)
  2 jellies
  3 hounds
  An iguana (D:5)
  A sleepcap (D:5)
  Ijyb (D:3)
  Natasha (thrice) (D:3)
  An orc wizard (D:6)
  5 adders
  4 gnolls (D:7)
  A shadow imp (D:6)
  3 worms
  2 dart slugs
  18 orcs
  6 ball pythons
  6 endoplasms
  3 giant cockroaches
  5 goblins
  3 hobgoblins
  10 jackals
  20 kobolds
  5 quokkas
  4 bats
  5 frilled lizards
  A rat (D:2)
124 creatures vanquished.

Notes
Turn   | Place    | Note
-------+----------+-------------------------------------------
     0 | D:1      | Moral the Hill Orc Fighter began the quest for the Orb.
     0 | D:1      | Reached XP level 1. HP: 19/19 MP: 1/1
   201 | D:1      | Reached XP level 2. HP: 25/27 MP: 2/2
  1070 | D:2      | Reached XP level 3. HP: 33/33 MP: 3/3
  1086 | D:2      | Found a radiant altar of Vehumet.
  1622 | D:3      | Noticed Natasha
  1622 | D:3      | Noticed Ijyb
  1632 | D:3      | Killed Natasha
  1633 | D:3      | Reached XP level 4. HP: 37/41 MP: 4/4
  1640 | D:3      | Killed Ijyb
  1856 | D:3      | Noticed Natasha
  1871 | D:3      | Killed Natasha
  1872 | D:3      | Reached XP level 5. HP: 29/47 MP: 5/5
  2016 | D:3      | Found a glowing golden altar of the Shining One.
  2196 | D:3      | Found a faded altar of an unknown god.
  2275 | D:3      | Noticed Natasha
  2281 | D:3      | Killed Natasha
  2641 | D:4      | Found a shimmering altar of Xom.
  2690 | D:4      | Reached skill level 5 in Fighting
  2690 | D:4      | Reached XP level 6. HP: 47/56 MP: 6/6
  3008 | D:4      | Reached skill level 5 in Axes
  3215 | D:5      | Entered Level 5 of the Dungeon
  3235 | D:5      | Noticed a black bear
  3245 | D:5      | Reached skill level 5 in Armour
  3245 | D:5      | Reached skill level 5 in Shields
  3248 | D:5      | Killed a black bear
  3249 | D:5      | Reached XP level 7. HP: 53/61 MP: 7/7
  3745 | D:6      | Found a snail-covered altar of Cheibriados.
  4033 | D:6      | Reached XP level 8. HP: 55/71 MP: 8/8
  4325 | D:6      | Found a bloodstained altar of Trog.
  4960 | D:7      | Noticed a shadow
  4979 | D:7      | Killed a shadow
  5283 | D:7      | HP: 1/73 [centaur/arrow (9)]
  5299 | D:7      | Killed from afar by a steam dragon

Illustrated notes

Levels and vault maps discovered:
D:1:      ebering_trefoil_twist, layout_basic
D:2:      layout_basic, basic_altar, minmay_close_crescents
D:3:      layout_loops_cross, mainiacjoe_overflow_alcove_1,
          basic_ecumenical_altar, uniq_ijyb, uniq_natasha
D:4:      layout_basic, pf_just_have_faith
D:5:      layout_rooms, serial_corexii_hall, chequers_hall_statues_y,
          corexii_hall_statues_t
D:6:      layout_basic, mainiacjoe_overflow_brackets,
          mainiacjoe_overflow_concentric_impassable, minmay_liquid_box
D:7:      layout_basic, overflow_temple_1_default, minmay_temple_entry_wispy,
          amethyst_killhole, serial_bayou_pond_e, serial_bayou_pond_e, eino_jars

Skill      XL: |  1  2  3  4  5  6  7  8 |
---------------+-------------------------+-----
Axes           | 3 4 5 6 7 |  7.2
Fighting       | 4 5 6 7 |  7.1
Armour         | 4 5 6 |  6.5
Shields        | 4 5 6 |  6.6

Action                     |  1- 3 |  4- 6 |  7- 9 || total
---------------------------+-------+-------+-------++-------
  Melee: War axe           |   116 |   170 |   151 ||   437
    Use: Scroll            |       |       |     2 ||     2
         Potion            |       |       |     2 ||     2
 Armour: Scale mail        |    49 |       |       ||    49
         Plate armour      |    13 |    98 |    81 ||   192
  Dodge: Dodged            |    55 |    37 |    27 ||   119
  Block: Buckler           |    44 |    82 |    94 ||   220
         Reflection        |       |     1 |     8 ||     9

Table legend: (Time is in decaauts)
 A = Elapsed time spent in this place.
 B = Non-inter-level travel time spent in this place.
 C = Inter-level travel time spent in this place.
 D = Time resting spent in this place.
 E = Time spent auto-exploring this place.
 F = Levels seen in this place.
 G = Mean time per level.
                   A        B        C        D        E       F      G
               +--------+--------+--------+--------+--------+-----+--------+
         Total |   5455 |   5255 |    200 |    895 |   3142 |   7 |  779.3 |
       Dungeon |   5455 |   5255 |    200 |    895 |   3142 |   7 |  779.3 |
               +--------+--------+--------+--------+--------+-----+--------+

Top non-repeatable levels by time:
     D:6: 1296 daAuts
     D:3: 959 daAuts
     D:1: 875 daAuts
     D:4: 804 daAuts
     D:2: 695 daAuts
     D:7: 424 daAuts
     D:5: 400 daAuts
